 Dungeon Crawl Stone Soup version 0.29.0-13-gc9e81de378 (webtiles) character file.

Game seed: 4184411744040633778

157 Ofeo the Conjurer (level 5, -4/34 HPs)
             Began as a Meteoran Conjurer on Sept 9, 2022.
             Slain by Duvessa
             ... wielding a +0 rapier
              (6 damage)
             ... on level 5 of the Dungeon.
             The game lasted 00:04:22 (429 turns).

Ofeo the Conjurer (Meteoran Conjurer)                Turns: 429, Time: 00:04:22

Health: -4/34      AC:  2    Str:  8    XL:     5   Next: 99%
Magic:  11/22      EV: 13    Int: 21    God:
Gold:   61         SH:  0    Dex: 13    Spells: 9/12 levels left

rFire   + . .      SeeInvis .   (no weapon)
rCold   . . .      Faith    .   (no shield)
rNeg    . . .      Spirit   .   a - +0 robe
rPois   .          Reflect  .   (no helmet)
rElec   .          Harm     .   (no cloak)
rCorr   .          Rampage  .   (no gloves)
Will    .....                   (no boots)
Stlth   +.........              (no amulet)
HPRegen 0.11/turn               d - ring of magical power
MPRegen 0.18/turn               (no ring)

@: about to teleport, glowing
A: sense surroundings 1, otherworldly, glowing, explore regen, talons 1, fire
resistance 1, frail 1, high MP 1
a: no special abilities


You were on level 5 of the Dungeon.
You visited 2 branches of the dungeon, and saw 6 of its levels.

You collected 61 gold pieces.

Inventory:

Armour
 a - a +0 robe (worn)
Jewellery
 d - a ring of magical power (left hand)
Potions
 b - a potion of magic


   Skills:
 + Level 3.9 Dodging
 + Level 2.4 Stealth
 + Level 4.0 Spellcasting
 + Level 5.7 Conjurations


You had 9 spell levels left.
You knew the following spells:

 Your Spells              Type           Power      Damage    Failure   Level
a - Magic Dart            Conj           100%       1d8       1%          1
b - Searing Ray           Conj           56%        2d6       1%          2

Your spell library contained the following spells:

 Spells                   Type           Power      Damage    Failure   Level
 Dazzling Flash           Conj/Hex       32%        N/A       11%         3
 Fulminant Prism          Conj/Hex       8%         3d7       36%         4
 Iskenderun's Mystic Bla  Conj/Tloc      16%        2d5       36%         4


Dungeon Overview and Level Annotations

Branches:
Dungeon (5/15) Zot: 2585   Temple (1/1) D:4 Zot: 584

Altars:
Cheibriados
Dithmenos
Nemelex Xobeh
Okawaru
Sif Muna
Trog
Wu Jian
Yredelemnul

Shops:
D:4 =

Annotations:
D:5 Dowan, Duvessa


Innate Abilities, Weirdness & Mutations

You passively map a small area around you.
You are easily found by Zot.
You glow in the dark.
You regain HP and MP as you explore.
You have sharp toenails.
Your flesh is heat resistant. (rF+)
You are frail. (-10% HP)
You have an increased reservoir of magic. (+10% MP)


Message History

Duvessa hits you with a +0 rapier.
You take 5 damage, and have 30/38 hp.
The searing ray hits Duvessa.
Duvessa is heavily wounded.
Duvessa hits you with a +0 rapier.
Dowan points at you and mumbles some strange words.
The puff of flame hits you!
You take 16 damage, and have 14/38 hp.
MASSIVE DAMAGE!!
You now have 12/21 mp.
The searing ray hits Duvessa.
Duvessa is heavily wounded.
You finish channelling your searing ray.
You are engulfed in a cloud of scalding steam.
* * * LOW HITPOINT WARNING * * *
Duvessa barely misses you.
You take 4 damage, and have 10/38 hp.
You now have 11/21 mp.
It was a potion of mutation.
You feel extremely strange.
You feel resistant to heat.
You feel frail.
You feel more energetic.
Your toenails lengthen and sharpen.
Duvessa says, "Beauty is only skin deep, and my weapons penetrate much further than that."
Duvessa hits you with a +0 rapier.
* * * LOW HITPOINT WARNING * * *
You take 6 damage, and have 4/34 hp.
As you read the scroll labelled QAMYMU IMUXEOD, it crumbles to dust.
It is a scroll of identify.
e - a scroll of teleportation Duvessa hits you with a +0 rapier.
* * * LOW HITPOINT WARNING * * *
Dowan is engulfed in a cloud of scalding steam.
You take 2 damage, and have 2/34 hp.
Okay, then.
Casting: Searing Ray (safe; 1% risk of failure)
Confirm with . or Enter, or press ? or * to list all spells.
Okay, then.
As you read the scroll of teleportation {@r3}, it crumbles to dust.
You feel strangely unstable.
Duvessa gestures with her weapon.
Duvessa hits you with a +0 rapier.
You die...

* , , , ... ##.. , ,
..###... , ..* , ,
..#...## ... , ,
......#*... , , , ..
##.....##.# ,
....###.........###
....#.#............
, ...(.....@e.$.....
..........~~~e....,,
, #.......~~~~8... *
##.......~~~~.... ,,
#................
#...............? ,
##.......###.....
##...)..........
#<......##.##... ,
,,


You could see Duvessa and Dowan.

Vanquished Creatures
  2 hounds
  An orc priest (D:4)
  An orc wizard (D:4)
  2 white imps
  A dart slug (D:3)
  7 orcs
  An endoplasm (D:3)
  A giant cockroach (D:4)
  A hobgoblin (D:4)
  3 jackals (D:3)
  2 kobolds
  A quokka (D:5)
  A rat (D:2)
24 creatures vanquished.

Vanquished Creatures (others)
  7 plants (D:3)
7 creatures vanquished.

Grand Total: 31 creatures vanquished

Notes
Turn   | Place    | Note
-------+----------+-------------------------------------------
     0 | D:1      | Ofeo the Meteoran Conjurer began the quest for the Orb.
     0 | D:1      | Reached XP level 1. HP: 14/14 MP: 5/5
   101 | D:3      | Reached XP level 2. HP: 20/20 MP: 6/6
   104 | D:3      | Learned a level 2 spell: Searing Ray
   124 | D:4      | Reached skill level 5 in Conjurations
   156 | D:5      | Entered Level 5 of the Dungeon
   160 | D:5      | Reached XP level 3. HP: 17/26 MP: 8/8
   250 | D:4      | Reached XP level 4. HP: 9/33 MP: 10/10
   252 | D:4      | Reached XP level 5. HP: 11/38 MP: 9/11
   254 | D:4      | Found a staircase to the Ecumenical Temple.
   265 | Temple   | Entered the Ecumenical Temple
   294 | D:4      | Found Wumisti's Jewellery Shoppe.
   417 | D:5      | Noticed Duvessa
   423 | D:5      | Noticed Dowan
   427 | D:5      | Gained mutation: Your flesh is heat resistant. (rF+)
                  | [potion of mutation]
   427 | D:5      | Gained mutation: You are frail. (-10% HP) [potion of
                  | mutation]
   427 | D:5      | Gained mutation: You have an increased reservoir of magic.
                  | (+10% MP) [potion of mutation]
   427 | D:5      | Gained mutation: You have sharp toenails. [potion of
                  | mutation]
   429 | D:5      | Slain by Duvessa

Illustrated notes

Levels and vault maps discovered:
D:1:      minmay_arrival_stair_chambers, layout_loops_corners,
          chequers_ecumenical_altar_island
D:2:      minmay_skewed_foursquare, layout_basic
D:3:      wad_woods_pond, layout_basic, grunt_temple_overflow_growth_and_decay,
          grunt_temple_overflow_open, serial_shops, shop, minmay_vboxes
D:4:      layout_cave_pools, temple_fountains, hangedman_glass_teeth,
          minmay_shop_grid_forest, minmay_fire_ice_demons, uniq_edmund
D:5:      layout_cave_pools, grunt_temple_overflow_lords_of_destruction,
          serial_park_tiny_pond, uniq_pikel, uniq_duvessa, uniq_ijyb
Temple:   hellmonk_temple_rainy

Skill      XL: |  1  2  3  4  5 |
---------------+----------------+-----
Spellcasting   | 3 4 |  4.0
Conjurations   | 5 |  5.7
Dodging        | 3 |  3.9
Stealth        | 2 |  2.4

Action                   |  1- 3 |  4- 6 || total
-------------------------+-------+-------++-------
 Cast: Magic Dart        |    16 |       ||    16
       Searing Ray       |     6 |     9 ||    15
  Use: Scroll            |       |     3 ||     3
       Potion            |       |     1 ||     1
Armor: Robe              |       |     2 ||     2
Dodge: Dodged            |     2 |     6 ||     8
